 Dungeon Crawl Stone Soup version 0.21.1-1-g345015f (webtiles) character file.

573 Hasart the Shield-Bearer (level 7, -8/55 HPs)
             Began as a Formicid Fighter on Apr 7, 2018.
             Killed by nerve-wracking pain
             ... invoked by Grinder
              (14 damage)
             ... on level 4 of the Dungeon.
             The game lasted 00:07:07 (3740 turns).

Hasart the Shield-Bearer (Formicid Fighter)         Turns: 3740, Time: 00:07:08

Health: -8/55      AC: 12    Str: 26    XL:     7   Next: 61%
Magic:  7/7        EV:  7    Int:  7    God:
Gold:   381        SH: 10    Dex: 12    Spells: 6/6 levels left

rFire    . . .     SeeInvis +   a - +0 long sword
rCold    . . .     Gourm    .   c - +0 shield
rNeg     . . .     Faith    .   n - +0 plate armour
rPois    .         Spirit   .   (helmet unavailable)
rElec    .         Reflect  .   (no cloak)
rCorr    .         Harm     .   (no gloves)
MR       .....                  (no boots)
Stlth    ..........             (no amulet)
HPRegen  0.18/turn              (no ring)
MPRegen  0.10/turn              (no ring)

@: mighty
A: permanent stasis, dig shafts and tunnels, four strong arms, antennae 3
a: Dig, Shaft Self


You were on level 4 of the Dungeon.
You were not hungry.

You visited 1 branch of the dungeon, and saw 4 of its levels.
You also visited: Ossuary.

You collected 381 gold pieces.

Inventory:

Hand Weapons
 a - a +0 long sword (weapon)
Armour
 c - a +0 shield (worn)
 n - a +0 plate armour (worn)
Wands
 q - a wand of polymorph (14)
Scrolls
 b - 2 scrolls of fear {unknown}
 h - 5 scrolls of teleportation {unknown}
 i - 8 scrolls of identify {unknown}
 k - 3 scrolls of noise {unknown}
 l - 3 scrolls of amnesia {unknown}
 o - a scroll of immolation {unknown}
 v - a scroll of remove curse {unknown}
Potions
 d - a potion of might
 e - 5 potions of flight {unknown}
 g - 4 potions of heal wounds {unknown}
 j - 5 potions of curing {unknown}
 m - a potion of cancellation {unknown}
 p - a potion of haste {unknown}
 r - a potion of brilliance {unknown}
 s - 2 potions of mutation {unknown}
 t - a potion of degeneration {unknown}
 u - 2 potions of lignification {unknown}
Comestibles
 f - 4 rations
 w - 3 chunks of flesh


   Skills:
 + Level 4.7 Fighting
 * Level 4.9 Long Blades
 + Level 4.7 Armour
 + Level 2.4 Dodging
 + Level 5.0 Shields


You had 6 spell levels left.
You didn't know any spells.

Dungeon Overview and Level Annotations

Branches:
Dungeon (4/15)
 Temple: D:4-7

Altars:
Yredelemnul

Annotations:
D:4 Grinder


Innate Abilities, Weirdness & Mutations

You cannot be hasted, slowed, berserked, paralysed or teleported.
You can dig through walls and to a lower floor.
Your four strong arms can wield two-handed weapons with a shield.
You have a pair of large antennae on your head. (SInv)


Message History

You feel very mighty all of a sudden. You block Grinder's attack.
Unknown command.
Your plate armour prevents you from hitting Grinder.
Grinder is heavily wounded.
Grinder gestures at you. You resist with some effort.
You closely miss Grinder.
Grinder is heavily wounded.
Grinder hits you but does no damage.
Your plate armour prevents you from hitting Grinder.
Grinder is heavily wounded.
Grinder hits you.
* * * LOW HITPOINT WARNING * * *
You block Grinder's attack.
You slash Grinder!
Grinder is almost dead.
Grinder gestures at you. Pain shoots through your body!
You die...

#. #..# # #.
#.... ## #.## .
#.#### .### ..#
..###.# ...###.#
...#.# ##..##.#
.>.# ##....###
#..## ####...##
#.5.##
#.#<..###.#@.#
#.###...#..#.##
.#####.##
#..#.#..##
<.......#
##.#.##..##
######..#
#........#
#..#######.######
##....# #.#
#.##.####.##
#.##.......#


You could see Grinder.

Vanquished Creatures
  A centaur (D:4)
  A bullfrog (D:4)
  An orc priest (D:4)
  Jessica (D:2)
  4 worker ants (D:4)
  A big kobold zombie (Ossuary)
  A hound skeleton (D:4)
  8 mummies (Ossuary)
  4 gnolls (D:3)
  An adder (D:3)
  An adder skeleton (D:4)
  4 dart slugs
  3 leopard geckos (D:4)
  12 orcs
  2 giant cockroaches (D:4)
  2 gnoll zombies (Ossuary)
  5 goblins
  9 hobgoblins
  4 jackals (D:3)
  A ball python (D:4)
  6 bats
  4 frilled lizards
  A hobgoblin zombie (Ossuary)
  6 kobolds
  A kobold zombie (Ossuary)
  3 orc zombies (Ossuary)
  2 rats
89 creatures vanquished.

Notes
Turn   | Place    | Note
-------+----------+-------------------------------------------
     0 | D:1      | Hasart the Formicid Fighter began the quest for the Orb.
     0 | D:1      | Reached XP level 1. HP: 18/18 MP: 1/1
    75 | D:1      | Reached XP level 2. HP: 21/24 MP: 2/2
   324 | D:1      | Reached XP level 3. HP: 29/29 MP: 3/3
   510 | D:2      | Noticed Jessica
   738 | D:2      | Killed Jessica
   738 | D:2      | Reached skill level 4 in Shields
   738 | D:2      | Reached XP level 4. HP: 29/37 MP: 4/4
  1576 | D:2      | Found a basalt altar of Yredelemnul.
  1611 | D:3      | Reached skill level 1 in Dodging
  1648 | D:3      | Reached XP level 5. HP: 10/42 MP: 5/5
  2611 | D:4      | Noticed a centaur
  2627 | D:4      | Killed a centaur
  2627 | D:4      | Reached XP level 6. HP: 15/48 MP: 6/6
  2783 | D:4      | Reached XP level 7. HP: 25/55 MP: 7/7
  2850 | D:4      | Found a sand-covered staircase.
  2856 | Ossuary  | Entered an ossuary
  3303 | Ossuary  | Reached skill level 5 in Shields
  3721 | D:4      | Noticed Grinder
  3740 | D:4      | Killed from afar by Grinder

Skill      XL: |  1  2  3  4  5  6  7 |
---------------+----------------------+-----
Shields        | 4 5 |  5.0
Long Blades    | 3 4 |  4.9
Dodging        | 1 2 |  2.4
Fighting       | 4 |  4.7
Armour         | 4 |  4.7

Action                   |  1- 3 |  4- 6 |  7- 9 || total
-------------------------+-------+-------+-------++-------
Melee: Long sword        |    63 |   217 |   134 ||   414
  Use: Potion            |       |       |     1 ||     1
  Eat: Chunk             |       |     6 |     1 ||     7
       Ration            |       |       |     1 ||     1
Armor: Scale mail        |    19 |       |       ||    19
       Plate armour      |     3 |   121 |    46 ||   170
Dodge: Dodged            |    17 |    60 |    20 ||    97
Block: Shield            |    36 |   118 |    48 ||   202
       Rpst.: Long sword |     3 |    19 |     3 ||    25
